 Dungeon Crawl Stone Soup version 0.18.1-50-g88ac8fd (webtiles) character file.

427 Rhaelyrin the Conjurer (level 6, -6/32 HPs)
             Began as a Gargoyle Earth Elementalist on Sept 24, 2016.
             Mangled by an iguana (10 damage)
             ... on level 4 of the Dungeon.
             The game lasted 00:13:47 (4574 turns).

Rhaelyrin the Conjurer (GrEE)                       Turns: 4574, Time: 00:13:48

Health: -6/32      AC: 12    Str: 11    XL:     6   Next: 97%
Magic:  4/9        EV: 10    Int: 18    God:
Gold:   173        SH:  0    Dex: 10    Spells: 2 memorised, 5 levels left

rFire  . . .     SeeInvis .     b - 112 stones
rCold  . . .     Gourm    .     o - +0 ring mail
rNeg   + . .     Faith    .     (no shield)
rPois  ∞         Spirit   .     a - +0 helmet
rElec  +         Dismiss  .     (no cloak)
rCorr  .         Reflect  .     u - +0 pair of gloves
SustAt .         Harm     .     r - +0 pair of boots
MR     .....                    (no amulet)
Stlth  +.........               (no ring)
                                (no ring)

@: not resistant to hostile enchantments, very unstealthy
A: negative energy resistance 1, electricity resistance, unbreathing,
petrification resistance, rot immunity, AC +4
a: no special abilities


You were on level 4 of the Dungeon.
You were hungry.

You visited 1 branch of the dungeon, and saw 4 of its levels.

You collected 173 gold pieces.

Inventory:

Hand Weapons
 l - a +0 short sword
 B - a +1 spear of venom
Missiles
 b - 112 stones (in hand)
Armour
 a - a +0 helmet (worn)
 o - a +0 ring mail (worn)
 r - a +0 pair of boots (worn)
 u - a +0 pair of gloves (worn)
Magical Staves
 G - an uncursed staff of poison {unknown}
Jewellery
 F - a cursed -2 ring of dexterity {unknown}
Wands
 k - a wand of iceblast (5/15)
 w - a wand of digging (5/24)
Scrolls
 e - a scroll of recharging {unknown}
 h - a scroll of enchant armour {unknown}
 i - 6 scrolls of identify {unknown}
 j - a scroll of blinking {unknown}
 m - 2 scrolls of magic mapping {unknown}
 y - a scroll of remove curse {unknown}
 z - 2 scrolls of noise {unknown}
Potions
 g - a potion of haste {unknown}
 n - a potion of degeneration {unknown}
 q - a potion of lignification {unknown}
 t - a potion of heal wounds {unknown}
 v - a potion of invisibility {unknown}
 C - a potion of brilliance {unknown}
 E - 2 potions of curing {unknown}
Books
 c - a book of Geomancy

   Spells                             Type                      Level
   a - Sandblast                      Earth                        1
   b - Passwall                       Transmutation/Earth          2
   c - Stone Arrow                    Conjuration/Earth            3
   d - Petrify                        Transmutation/Earth          4
   e - Lee's Rapid Deconstruction     Earth                        5
 s - a book of Clouds

   Spells                             Type                      Level
   a - Mephitic Cloud                 Conjuration/Poison/Air       3
   b - Conjure Flame                  Conjuration/Fire             3
   c - Poisonous Cloud                Conjuration/Poison/Air       6
   d - Freezing Cloud                 Conjuration/Ice/Air          6
   e - Ring of Flames                 Charms/Fire                  7
 x - a book of Envenomations

   Spells                             Type                      Level
   a - Spider Form                    Transmutation/Poison         3
   b - Olgreb's Toxic Radiance        Poison                       4
   c - Alistair's Intoxication        Transmutation/Poison         5
   d - Poisonous Cloud                Conjuration/Poison/Air       6
 D - a book of Unlife

   Spells                             Type                      Level
   a - Recall                         Summoning/Translocation      3
   b - Animate Dead                   Necromancy                   4
   c - Control Undead                 Necromancy                   4
   d - Cigotuvi's Embrace             Necromancy                   5
   e - Death Channel                  Necromancy                   6
   f - Simulacrum                     Ice/Necromancy               6
Comestibles
 d - 5 bread rations
 f - a meat ration
 p - a royal jelly
 A - 2 chunks of flesh


   Skills:
 - Level 1.5 Dodging
 - Level 2.1 Stealth
 - Level 2.0 Spellcasting
 + Level 6.7 Conjurations
   Level 0.7 Transmutations
 - Level 5.0 Earth Magic


You had 5 spell levels left.
You knew the following spells:

 Your Spells              Type           Power        Failure   Level  Hunger
a - Sandblast             Erth           ###...       6%          1    #......
b - Stone Arrow           Conj/Erth      ###...       14%         3    ###....


Dungeon Overview and Level Annotations

Branches:
Dungeon (4/15)
 Temple: D:4-7

Altars:
Dithmenos
Gozag
Sif Muna
Trog


Innate Abilities, Weirdness & Mutations

You are resistant to torment.
Your stone body is resilient (AC +4).
You are immune to poison.
You resist negative energy.
You are resistant to electric shocks.
You can survive without breathing.
You are immune to petrification.
You are immune to rotting.


Message History

You are feeling hungry.
The iguana barely misses you.
Casting: Sandblast
Confirm with . or Enter, or press ? or * to list all spells.
Aiming: Sandblast
Press: ? - help, Shift-Dir - straight line, f/p - iguana
Aim: an iguana (moderately wounded)
The rocky blast hits the iguana.
The iguana is moderately wounded.
The iguana bites you.
* * * LOW HITPOINT WARNING * * *
Casting: Sandblast
Confirm with . or Enter, or press ? or * to list all spells.
Aiming: Sandblast
Press: ? - help, Shift-Dir - straight line, f/p - iguana
Aim: an iguana (moderately wounded)
The rocky blast hits the iguana.
The iguana is severely wounded.
The iguana bites you!
You die...

########........
.$.......(##..<%
######...# #.
#...#####.#
#######.........#
#........<#####.#
#######.#######†#
#.........# #l#
#..####...# #@#
##..#
#...#####.####.#
....#
#.....[........#
###.##
#....#########.#
##...###....#
............#
##...####...#
###.## #...#
.##.# ##..#


You could see an iguana.

Vanquished Creatures
  A howler monkey (D:4)
  2 orc priests (D:4)
  3 orc wizards
  Terence (D:3)
  Robin (D:3)
  8 gnolls
  3 adders
  An ooze (D:2)
  4 worms
  2 giant geckos
  13 orcs
  3 giant cockroaches
  14 goblins
  9 hobgoblins
  4 kobolds
  2 quokkas
  A ball python (D:4)
  3 bats
  4 giant newts
  A quokka skeleton (D:4)
  14 rats
94 creatures vanquished.

Notes
Turn   | Place    | Note
--------------------------------------------------------------
     0 | D:1      | Rhaelyrin the Gargoyle Earth Elementalist began the quest for the Orb.
     0 | D:1      | Reached XP level 1. HP: 10/10 MP: 3/3
   322 | D:1      | Reached XP level 2. HP: 11/15 MP: 0/5
   883 | D:2      | Reached skill level 5 in Earth Magic
   883 | D:2      | Reached XP level 3. HP: 7/19 MP: 6/6
  1114 | D:2      | Learned a level 3 spell: Stone Arrow
  1445 | D:2      | Reached skill level 1 in Conjurations
  1747 | D:2      | Reached skill level 2 in Conjurations
  1747 | D:2      | Reached XP level 4. HP: 13/24 MP: 0/7
  2263 | D:3      | Noticed Robin
  2269 | D:2      | Reached skill level 3 in Conjurations
  2413 | D:3      | Killed Robin
  2597 | D:3      | Reached XP level 5. HP: 19/28 MP: 0/8
  2760 | D:3      | Noticed Terence
  2777 | D:3      | Killed Terence
  2777 | D:3      | Reached skill level 4 in Conjurations
  3143 | D:3      | Noticed a moth of wrath
  3192 | D:3      | Found a bloodstained altar of Trog.
  3451 | D:4      | Reached skill level 5 in Conjurations
  3477 | D:4      | Reached XP level 6. HP: 21/32 MP: 5/9
  4087 | D:4      | Found a shadowy altar of Dithmenos.
  4091 | D:4      | Found an opulent altar of Gozag.
  4091 | D:4      | Found a deep blue altar of Sif Muna.
  4183 | D:4      | Reached skill level 6 in Conjurations
  4574 | D:4      | Mangled by an iguana

Skill      XL: |  1  2  3  4  5  6 |
---------------+-------------------+-----
Earth Magic    | 4 5 |  5.0
Conjurations   | 2 3 5 6 |  6.7
Dodging        | |  1.5
Stealth        | |  2.1
Spellcasting   | |  2.0
Transmutations | |  0.7

Action                   |  1- 3 |  4- 6 || total
-------------------------+-------+-------++-------
Melee: Unarmed           |    64 |       ||    64
       Short sword       |    94 |   309 ||   403
 Cast: Sandblast         |    17 |    40 ||    57
       Stone Arrow       |       |    15 ||    15
  Eat: Chunk             |     3 |    12 ||    15
Armor: Leather armour    |    23 |       ||    23
       Robe              |     3 |       ||     3
       Ring mail         |    40 |   224 ||   264
Dodge: Dodged            |    99 |   198 ||   297
